 Dungeon Crawl Stone Soup version 0.23.2-1-ga50397a (webtiles) character file.

Game seed: 8684909996572017632

2326 whitewolfNL the Basher (level 9, 0/121 HPs)
             Began as a Minotaur Berserker on May 25, 2019.
             Was a High Priest of Trog.
             Slain by an orc warrior
             ... wielding a +0 glaive
              (11 damage)
             ... on level 8 of the Dungeon.
             The game lasted 00:22:54 (6160 turns).

whitewolfNL the Basher (Minotaur Berserker)         Turns: 6160, Time: 00:22:55

Health: 0/121      AC: 24    Str: 23    XL:     9   Next: 19%
Magic:  8/8        EV:  2    Int:  4    God:    Trog [*****.]
Gold:   257        SH:  0    Dex: 12    Spells: 8/8 levels left

rFire    . . .     SeeInvis .   E - +0 flail
rCold    . . .     Gourm    .   (no shield)
rNeg     + + +     Faith    .   (armour currently unavailable)
rPois    +         Spirit   .   (helmet currently unavailable)
rElec    .         Reflect  .   (cloak currently unavailable)
rCorr    +         Harm     .   (gloves currently unavailable)
MR       .....     NoTele   +   (boots currently unavailable)
Stlth    +.........             i - amulet of the acrobat
HPRegen  0.30/turn              t - ring of resist corrosion
MPRegen  0.11/turn              (no ring)

@: tree-form, berserk cooldown, slowed, very slow
A: (retaliatory headbutt)
a: Berserk, Trog's Hand, Brothers in Arms, Renounce Religion


You were on level 8 of the Dungeon.
You worshipped Trog.
Trog was extremely pleased with you.
You were very hungry.
You were a tree.
You visited 2 branches of the dungeon, and saw 9 of its levels.

You collected 257 gold pieces.

Inventory:

Hand Weapons
 o - a +0 hunting sling
 v - a +0 blowgun
 E - a +0 flail (weapon)
 K - a +0 dagger of flaming
Missiles
 e - a throwing net (quivered)
 f - 265 stones
 h - 52 arrows
 k - 38 poisoned needles
 x - 4 tomahawks
 A - 33 bolts
 D - 23 sling bullets
Armour
 p - a +0 shield
 r - a +0 pair of boots (melded)
 B - a +2 cloak (melded)
 I - a +0 crystal plate armour (melded)
Jewellery
 i - an amulet of the acrobat (around neck)
 s - an uncursed amulet of faith {unknown}
 t - a ring of resist corrosion (left branch)
Wands
 a - a wand of polymorph (10)
 u - a wand of random effects (15)
 y - a wand of flame (29)
Scrolls
 b - 4 scrolls of remove curse {unknown}
 d - 11 scrolls of identify {unknown}
 g - 2 scrolls of fear {unknown}
 m - 2 scrolls of blinking {unknown}
 n - a scroll of enchant armour {unknown}
 q - 8 scrolls of teleportation {unknown}
 z - a scroll of immolation
 G - a scroll of magic mapping {unknown}
 H - 3 scrolls of amnesia {unknown}
Potions
 j - a potion of degeneration {unknown}
 l - 2 potions of brilliance
 w - a potion of haste
 F - a potion of cancellation {unknown}
Comestibles
 c - 9 rations


   Skills:
 + Level 8.0 Fighting
 * Level 10.7 Maces & Flails
 + Level 5.0 Throwing
 - Level 5.0 Armour
 + Level 2.6 Dodging


You had 8 spell levels left.
You didn't know any spells.
Your spell library was empty.

Dungeon Overview and Level Annotations

Branches:
Dungeon (8/15)             Temple (1/1) D:6
   Lair: D:8-11

Altars:
Ashenzari
Cheibriados
Dithmenos
Elyvilon
Gozag
Hepliaklqana
Kikubaaqudgha
Makhleb
Nemelex Xobeh
Okawaru
Qazlal
Ru
Trog
Uskayaw
Wu Jian
Xom
Yredelemnul
Zin
The Shining One

Shops:
D:6 [


Innate Abilities, Weirdness & Mutations

((You reflexively headbutt those who attack you in melee.))
((You have a pair of horns on your head.))


Message History

You hit the orc warrior.
The orc warrior is almost dead.
The orc warrior barely misses you.
You completely miss the orc warrior.
The orc warrior is almost dead.
The orc warrior hits you with a +0 glaive.
* * * LOW HITPOINT WARNING * * *
You closely miss the orc warrior.
The orc warrior is almost dead.
The orc warrior hits you with a +0 glaive.
* * * LOW HITPOINT WARNING * * *
You turn into a tree.
Your +2 cloak melds into your body.
Your +0 pair of boots melds into your body.
Your +0 crystal plate armour melds into your body.
Your roots penetrate the ground.
The orc warrior hits you but does no damage.
You closely miss the orc warrior.
The orc warrior is almost dead.
The orc warrior hits you with a +0 glaive!
You die...

## ### #. ..# #..
#.# ####..####.#
.......<.#.#
####...#.#(# ####
#......#(###.....
##...#.#♣#P...P%P
#......)o.......
##.##...P)..#...
#. ####P..## #+
....... )......
#.##.._..# #P
...... .. ######


You could see an orc warrior.

Vanquished Creatures
  A water moccasin (D:5)
  The ghost of wilfster70 the Ruffian, an amateur TrMo (D:3)
  An ice beast (D:6)
  A sky beast (D:7)
  3 ogres (D:4)
  3 phantoms
  2 centaurs
  A bullfrog (D:8)
  A gnoll sergeant (D:7)
  4 crimson imps
  A centaur zombie (D:6)
  7 orc wizards
  5 hounds
  3 orc priests
  Crazy Yiuf (D:3)
  A centaur skeleton (D:5)
  An iguana (D:7)
  Jessica (D:3)
  A worker ant (D:7)
  A hound zombie (D:5)
  Robin (D:3)
  10 gnolls
  11 adders
  3 shadow imps
  An ooze (D:2)
  An adder skeleton (D:7)
  3 dart slugs
  6 leopard geckos
  24 orcs
  3 ball pythons (D:2)
  5 bats
  6 giant cockroaches
  16 goblins
  5 hobgoblins
  7 jackals
  6 quokkas
  2 frilled lizards
  11 kobolds
  A leopard gecko skeleton (D:4)
  2 leopard gecko zombies
  7 rats
171 creatures vanquished.

Notes
Turn   | Place    | Note
-------+----------+-------------------------------------------
     0 | D:1      | whitewolfNL the Minotaur Berserker began the quest for the
                  | Orb.
     0 | D:1      | Reached XP level 1. HP: 19/19 MP: 0/0
    53 | D:1      | Reached skill level 4 in Maces & Flails
    97 | D:1      | Reached XP level 2. HP: 22/27 MP: 1/1
   485 | D:2      | Reached XP level 3. HP: 24/33 MP: 2/2
   754 | D:2      | Reached ** piety under Trog
   787 | D:2      | Reached skill level 5 in Maces & Flails
   891 | D:2      | Found an iron altar of Okawaru.
   902 | D:2      | Reached XP level 4. HP: 38/41 MP: 3/3
  1498 | D:3      | Reached *** piety under Trog
  1512 | D:3      | Noticed Robin
  1522 | D:3      | Killed Robin
  1522 | D:3      | Reached skill level 6 in Maces & Flails
  1522 | D:3      | Reached XP level 5. HP: 42/47 MP: 4/4
  1669 | D:3      | Found a runed translucent door.
  1670 | D:3      | Noticed Crazy Yiuf
  1794 | D:3      | Noticed Jessica
  1803 | D:3      | Killed Jessica
  1803 | D:3      | Reached skill level 5 in Fighting
  1848 | D:3      | Found a runed translucent door.
  1850 | D:3      | Noticed wilfster70's ghost (amateur TrMo)
  1864 | D:3      | Killed wilfster70's ghost
  1864 | D:3      | Reached skill level 1 in Throwing
  1864 | D:3      | Reached XP level 6. HP: 56/56 MP: 5/5
  1895 | D:3      | Got a faintly humming robe
  1913 | D:3      | Identified the +1 robe "Qiysk" {rC+ Regen+ Dex-3} (You
                  | found it on level 3 of the Dungeon)
  2162 | D:3      | Killed Crazy Yiuf
  2247 | D:4      | Reached skill level 7 in Maces & Flails
  2313 | D:4      | Reached XP level 7. HP: 62/62 MP: 6/6
  2707 | D:4      | Found a sparkling altar of Nemelex Xobeh.
  2797 | D:5      | Entered Level 5 of the Dungeon
  2822 | D:5      | Reached skill level 8 in Maces & Flails
  2911 | D:5      | HP: 3/63 [poisoned by a water moccasin]
  2912 | D:5      | HP: 1/63 [poisoned by a water moccasin]
  3234 | D:5      | Reached XP level 8. HP: 64/71 MP: 7/7
  3540 | D:5      | Reached **** piety under Trog
  3540 | D:5      | Reached skill level 5 in Armour
  3851 | D:5      | Reached skill level 9 in Maces & Flails
  4279 | D:6      | Found a staircase to the Ecumenical Temple.
  4295 | Temple   | Entered the Ecumenical Temple
  4728 | D:6      | Found Ujiev's Armour Boutique.
  4848 | D:6      | Reached skill level 10 in Maces & Flails
  5311 | D:7      | Reached ***** piety under Trog
  5394 | D:7      | Reached XP level 9. HP: 80/80 MP: 8/8
  5613 | D:7      | Found a hide-covered altar of Uskayaw.
  5737 | D:7      | Found an ornate altar of the Wu Jian Council.
  5739 | D:7      | Found a snail-covered altar of Cheibriados.
  5739 | D:7      | Found a stormy altar of Qazlal.
  5740 | D:7      | Found a hazy altar of Hepliaklqana.
  5750 | D:7      | Found a glowing silver altar of Zin.
  6113 | D:8      | Found an ancient bone altar of Kikubaaqudgha.
  6127 | D:8      | Reached skill level 5 in Throwing
  6147 | D:8      | Received a gift from Trog
  6160 | D:8      | Slain by an orc warrior

Skill      XL: |  1  2  3  4  5  6  7  8  9 |
---------------+----------------------------+-----
Maces & Flails | 4 5 6 7 8 10 | 10.7
Fighting       | 4 5 6 7 8 |  8.0
Throwing       | 1 2 3 4 5 |  5.0
Armour         | 3 4 5 |  5.0
Dodging        | |  2.6

Action                   |  1- 3 |  4- 6 |  7- 9 || total
-------------------------+-------+-------+-------++-------
Melee: Mace              |    71 |   123 |       ||   194
       Headbutt          |     6 |    12 |    57 ||    75
       Flail             |       |       |   290 ||   290
Invok: Berserk           |     1 |     3 |     7 ||    11
  Use: Potion            |       |       |     7 ||     7
  Eat: Chunk             |     1 |     6 |    15 ||    22
       Ration            |       |       |     1 ||     1
Armor: Animal skin       |    10 |       |       ||    10
       Plate armour      |    10 |    66 |   116 ||   192
       Crystal plate arm |       |       |    43 ||    43
       Skin              |       |       |     1 ||     1
Dodge: Dodged            |    57 |    71 |   151 ||   279
